3AA
LONG ISLAND SEAWOLVES @ SAN BERNARDINO GRASSHOPPERS
07/25/2029
 
TOP OF THE 1ST
Long Island Seawolves batting - Pitching for San Bernardino Grasshoppers : LHP Alfredo Ruíz
Pitching: LHP Alfredo Ruíz
Batting: RHB Júlio Flores 0-0: Ball
1-0: Ball
2-0: Ball
3-0: Swinging Strike
3-1: Base on Balls
Batting: RHB Alfredo Escalante 0-0: Ball
1-0: Ball
2-0: Ball
3-0: Base on Balls
Júlio Flores to second
Batting: LHB Jackson Curry 0-0: Called Strike
0-1: Ball
1-1: Called Strike
1-2: SINGLE (Line Drive, 4M)
Júlio Flores to third
Alfredo Escalante to second
Runner from 3rd tries for Home, SAFE, no throw
Batting: SHB Alfredo Sánchez 0-0: Called Strike
0-1: Swinging Strike
0-2: Strikes out looking
Batting: LHB Roberto Valle 0-0: Ball
1-0: Ball
2-0: Ball
3-0: Called Strike
3-1: Called Strike
3-2: Foul Ball, location: 2F
3-2: Foul Ball, location: 2F
3-2: Strikes out swinging
Jackson Curry is caught stealing 2nd base
Batter strikes out.
Top of the 1st over - 1 run, 1 hit, 0 errors, 1 left on base; Long Island 1 - San Bernardino 0
BOTTOM OF THE 1ST
San Bernardino Grasshoppers batting - Pitching for Long Island Seawolves : RHP WyDale Curry
Pitching: RHP WyDale Curry
Batting: RHB Oscar Gandarilla 0-0: Called Strike
0-1: Ball
1-1: Ball
2-1: Ball
3-1: Ground out 6-3 (Groundball, 6M)
Batting: RHB Kelly Harris 0-0: Fly out, F7 (Flyball, 78M)
Batting: RHB Claudio Tappen 0-0: Foul Ball, location: 2F
0-1: SINGLE (Groundball, 34D)
Batting: LHB William O'Keefe 0-0: Called Strike
0-1: Ball
1-1: Ball
2-1: Fly out, F9 (Flyball, 9D)
Bottom of the 1st over - 0 runs, 1 hit, 0 errors, 1 left on base; Long Island 1 - San Bernardino 0
TOP OF THE 2ND
Long Island Seawolves batting - Pitching for San Bernardino Grasshoppers : LHP Alfredo Ruíz
Batting: RHB Ricardo Pulido 0-0: Ball
1-0: Ball
2-0: Ball
3-0: Called Strike
3-1: Fly out, F7 (Flyball, 7)
Batting: RHB José Orihvela 0-0: SINGLE (Flyball, 89S)
Batting: RHB Andrés Aguilar 0-0: Called Strike
0-1: Ball
1-1: Ball
2-1: Fly out, F9 (Flyball, 89S)
Batting: LHB Govaart Pleijt 0-0: Ground out 5-3 (Groundball, 5)
Top of the 2nd over - 0 runs, 1 hit, 0 errors, 1 left on base; Long Island 1 - San Bernardino 0
BOTTOM OF THE 2ND
San Bernardino Grasshoppers batting - Pitching for Long Island Seawolves : RHP WyDale Curry
Batting: RHB Griffin Woodfinlevine 0-0: Swinging Strike
0-1: Ball
1-1: Ground out 6-3 (Groundball, 6D)
Batting: RHB Cisco Feijoo 0-0: Ball
1-0: Ball
2-0: Ball
3-0: Base on Balls
Batting: RHB Apu Nahasapeemapetilon 0-0: Ball
1-0: Called Strike
1-1: Ball
2-1: Called Strike
2-2: Ball
3-2: Fly out, F9 (Line Drive, 9D)
Batting: RHB Jorge Estrada 0-0: Foul Ball, location: 2F
0-1: Called Strike
0-2: Strikes out looking
Bottom of the 2nd over - 0 runs, 0 hits, 0 errors, 1 left on base; Long Island 1 - San Bernardino 0
TOP OF THE 3RD
Long Island Seawolves batting - Pitching for San Bernardino Grasshoppers : LHP Alfredo Ruíz
Batting: RHB Júlio Flores 0-0: Bunted foul
0-1: Foul Ball, location: 2F
0-2: Ground out 4-3 (Groundball, 4S)
Batting: RHB Alfredo Escalante 0-0: Ball
1-0: Ball
2-0: Called Strike
2-1: Swinging Strike
2-2: Strikes out swinging
Batting: LHB Jackson Curry 0-0: Ball
1-0: Called Strike
1-1: Called Strike
1-2: Ball
2-2: Ball
3-2: Foul Ball, location: 2F
3-2: Fly out, F5 (Popup, 5SF)
Top of the 3rd over - 0 runs, 0 hits, 0 errors, 0 left on base; Long Island 1 - San Bernardino 0
BOTTOM OF THE 3RD
San Bernardino Grasshoppers batting - Pitching for Long Island Seawolves : RHP WyDale Curry
Batting: LHB Harold Wiggins 0-0: Foul Ball, location: 2F
0-1: Foul Ball, location: 2F
0-2: Fly out, F9 (Flyball, 9D)
Batting: RHB Oscar Gandarilla 0-0: Called Strike
0-1: Swinging Strike
0-2: Ball
1-2: Foul Ball, location: 2F
1-2: Ball
2-2: Foul Ball, location: 2F
2-2: Fly out, F7 (Line Drive, 78D)
Batting: RHB Kelly Harris 0-0: Ball
1-0: Ball
2-0: Ball
3-0: Base on Balls
Batting: RHB Claudio Tappen 0-0: Ball
1-0: Called Strike
1-1: Ball
2-1: Called Strike
2-2: Foul Ball, location: 2F
2-2: Foul Ball, location: 2F
2-2: Ball
3-2: Base on Balls
Kelly Harris to second
Batting: LHB William O'Keefe 0-0: SINGLE (Line Drive, 34D)
Kelly Harris to third
Claudio Tappen to second
Runner from 3rd tries for Home, SAFE, no throw
Batting: RHB Griffin Woodfinlevine 0-0: Ball
1-0: Called Strike
1-1: Foul Ball, location: 2F
1-2: Fly out, F9 (Flyball, 9LSF)
Bottom of the 3rd over - 1 run, 1 hit, 0 errors, 2 left on base; Long Island 1 - San Bernardino 1
TOP OF THE 4TH
Long Island Seawolves batting - Pitching for San Bernardino Grasshoppers : LHP Alfredo Ruíz
Batting: SHB Alfredo Sánchez 0-0: Called Strike
0-1: Ground out 1-3 (Groundball, 13S)
Batting: LHB Roberto Valle 0-0: Ball
1-0: SINGLE (Groundball, 6D)
Batting: RHB Ricardo Pulido 0-0: Foul Ball, location: 2F
0-1: Fly out, F9 (Line Drive, 89S)
Batting: RHB José Orihvela 0-0: Ball
1-0: Foul Ball, location: 2F
1-1: Fly out, F8 (Flyball, 8LD)
Top of the 4th over - 0 runs, 1 hit, 0 errors, 1 left on base; Long Island 1 - San Bernardino 1
BOTTOM OF THE 4TH
San Bernardino Grasshoppers batting - Pitching for Long Island Seawolves : RHP Fernando Júlio
Pitching: RHP Fernando Júlio
Batting: RHB Cisco Feijoo 0-0: Called Strike
0-1: Foul Ball, location: 2F
0-2: Strikes out swinging
Batting: RHB Apu Nahasapeemapetilon 0-0: SINGLE (Line Drive, 6MD)
Batting: RHB Jorge Estrada 0-0: Called Strike
0-1: Ball
1-1: SINGLE (Line Drive, 78S)
Apu Nahasapeemapetilon to second
Batting: LHB Harold Wiggins 0-0: Ball
1-0: Fly out, F9 (Flyball, 9)
Batting: RHB Oscar Gandarilla 0-0: Called Strike
0-1: Ball
1-1: Ground out 3-1 (Groundball, 34S)
Bottom of the 4th over - 0 runs, 2 hits, 0 errors, 2 left on base; Long Island 1 - San Bernardino 1
TOP OF THE 5TH
Long Island Seawolves batting - Pitching for San Bernardino Grasshoppers : LHP Alfredo Ruíz
Batting: RHB Andrés Aguilar 0-0: Foul Ball, location: 2F
0-1: Swinging Strike
0-2: Ball
1-2: Strikes out swinging
Batting: LHB Govaart Pleijt 0-0: Called Strike
0-1: Foul Ball, location: 2F
0-2: Foul Ball, location: 2F
0-2: Strikes out looking
Batting: RHB Júlio Flores 0-0: Called Strike
0-1: Ball
1-1: Called Strike
1-2: Ground out 6-3 (Groundball, 6)
Top of the 5th over - 0 runs, 0 hits, 0 errors, 0 left on base; Long Island 1 - San Bernardino 1
BOTTOM OF THE 5TH
San Bernardino Grasshoppers batting - Pitching for Long Island Seawolves : RHP Fernando Júlio
Batting: RHB Kelly Harris 0-0: Ball
1-0: Ball
2-0: Foul Ball, location: 2F
2-1: Foul Ball, location: 2F
2-2: Fly out, F9 (Flyball, 9D)
Batting: RHB Claudio Tappen 0-0: Swinging Strike
0-1: Fly out, F9 (Flyball, 9S)
Batting: LHB William O'Keefe 0-0: Swinging Strike
0-1: Ball
1-1: Foul Ball, location: 2F
1-2: Foul Ball, location: 2F
1-2: Strikes out swinging
Bottom of the 5th over - 0 runs, 0 hits, 0 errors, 0 left on base; Long Island 1 - San Bernardino 1
TOP OF THE 6TH
Long Island Seawolves batting - Pitching for San Bernardino Grasshoppers : LHP Alfredo Ruíz
Batting: RHB Alfredo Escalante 0-0: SINGLE (Groundball, 6MD)
Batting: LHB Jackson Curry 0-0: Ball
1-0: Ball
2-0: Foul Ball, location: 2F
2-1: Fielders Choice at 2nd, 4-6 (Groundball, 4)
Batting: SHB Alfredo Sánchez 0-0: Ball
1-0: Foul Ball, location: 2F
1-1: Foul Ball, location: 2F
1-2: Strikes out swinging
Batting: LHB Roberto Valle 0-0: Ball
1-0: Foul Ball, location: 2F
1-1: Ball
2-1: Swinging Strike
2-2: Strikes out swinging
Top of the 6th over - 0 runs, 1 hit, 0 errors, 1 left on base; Long Island 1 - San Bernardino 1
BOTTOM OF THE 6TH
San Bernardino Grasshoppers batting - Pitching for Long Island Seawolves : RHP Fernando Júlio
Batting: RHB Griffin Woodfinlevine 0-0: Called Strike
0-1: Ground out U3 (Groundball, 34)
Batting: RHB Cisco Feijoo 0-0: Called Strike
0-1: Swinging Strike
0-2: Foul Ball, location: 2F
0-2: Ball
1-2: Ball
2-2: Strikes out swinging
Batting: RHB Apu Nahasapeemapetilon 0-0: Foul Ball, location: 2F
0-1: SINGLE (Flyball, 9LM)
Batting: RHB Jorge Estrada 0-0: Ball
1-0: Fly out, F7 (Flyball, 7LS)
Bottom of the 6th over - 0 runs, 1 hit, 0 errors, 1 left on base; Long Island 1 - San Bernardino 1
TOP OF THE 7TH
Long Island Seawolves batting - Pitching for San Bernardino Grasshoppers : LHP Alfredo Ruíz
Batting: RHB Ricardo Pulido 0-0: Ball
1-0: Called Strike
1-1: Ground out 6-3 (Groundball, 6)
Pinch Hitting: RHB Max Berman 0-0: Fly out, F2 (Popup, 23F)
Batting: RHB Andrés Aguilar 0-0: Foul Ball, location: 2F
0-1: Ball
1-1: Ball
2-1: Ball
3-1: Foul Ball, location: 2F
3-2: Base on Balls
Pinch Hitting: RHB Mark Shoffner 0-0: Called Strike
0-1: Ball
1-1: Foul Ball, location: 2F
1-2: Foul Ball, location: 2F
1-2: Foul Ball, location: 2F
1-2: Strikes out swinging
Top of the 7th over - 0 runs, 0 hits, 0 errors, 1 left on base; Long Island 1 - San Bernardino 1
BOTTOM OF THE 7TH
San Bernardino Grasshoppers batting - Pitching for Long Island Seawolves : RHP Fernando Júlio
Now in LF: Dale Quick
Now in CF: Emanuel Bree
Batting: LHB Harold Wiggins 0-0: Ball
1-0: Ball
2-0: TRIPLE (Line Drive, 89XD)
Batting: RHB Oscar Gandarilla 0-0: Ball
1-0: Foul Ball, location: 2F
1-1: Ball
2-1: Ball
3-1: Fly out, F9 (Flyball, 89D)
Runner from 3rd tags up, SCORES, throw made
Batting: RHB Kelly Harris 0-0: Called Strike
0-1: Ball
1-1: Ball
2-1: Ball
3-1: Foul Ball, location: 2F
3-2: Base on Balls
Batting: RHB Claudio Tappen 0-0: Grounds into double play, 6-4-3 (Groundball, 6)
Bottom of the 7th over - 1 run, 1 hit, 0 errors, 0 left on base; Long Island 1 - San Bernardino 2
TOP OF THE 8TH
Long Island Seawolves batting - Pitching for San Bernardino Grasshoppers : LHP Alfredo Ruíz
Batting: RHB Júlio Flores 0-0: Foul Ball, location: 2F
0-1: Ball
1-1: Ground out 1-3 (Groundball, 13)
Batting: RHB Alfredo Escalante 0-0: Foul Ball, location: 2F
0-1: Swinging Strike
0-2: Ball
1-2: Ground out 6-3 (Groundball, 6)
Batting: LHB Jackson Curry 0-0: Called Strike
0-1: Ball
1-1: Fly out, F7 (Flyball, 78D)
Top of the 8th over - 0 runs, 0 hits, 0 errors, 0 left on base; Long Island 1 - San Bernardino 2
BOTTOM OF THE 8TH
San Bernardino Grasshoppers batting - Pitching for Long Island Seawolves : RHP Fernando Júlio
Batting: LHB William O'Keefe 0-0: Called Strike
0-1: Foul Ball, location: 2F
0-2: Strikes out swinging
Batting: RHB Griffin Woodfinlevine 0-0: Ground out 4-3 (Groundball, 34)
Batting: RHB Cisco Feijoo 0-0: Ball
1-0: Ball
2-0: Fly out, F7 (Flyball, 78D)
Bottom of the 8th over - 0 runs, 0 hits, 0 errors, 0 left on base; Long Island 1 - San Bernardino 2
TOP OF THE 9TH
Long Island Seawolves batting - Pitching for San Bernardino Grasshoppers : LHP Alfredo Ruíz
Pitching: RHP Austin Aries
Batting: SHB Alfredo Sánchez 0-0: Ball
1-0: Ball
2-0: Swinging Strike
2-1: Foul Ball, location: 2F
2-2: Fly out, F8 (Flyball, 8RM)
Batting: LHB Roberto Valle 0-0: Called Strike
0-1: Foul Ball, location: 2F
0-2: Ball
1-2: Reached on error, E6 (Groundball, 6D)
Pinch Runner at 1st José Olvera:
Pinch Hitting: LHB Pedro Colón 0-0: Ball
1-0: Foul Ball, location: 2F
1-1: Foul Ball, location: 2F
1-2: Ball
2-2: Strikes out swinging
Pinch Hitting: SHB Fernando Pineda 0-0: Ball
1-0: Fielders Choice at 2nd, 5-4 (Groundball, 56)
Top of the 9th over - 0 runs, 0 hits, 1 error, 1 left on base; Long Island 1 - San Bernardino 2
Tuesday, December 19th, 2017 - OOTP Baseball 18.8 Build 76